 Dungeon Crawl Stone Soup version 0.23.2-30-g0e89c35649 (webtiles) character file.

Game seed: 18069370901923881916

720 Kairos the Cutter (level 7, -1/36 HPs)
             Began as a Vine Stalker Fighter on June 21, 2019.
             Slain by HiStorm4nn's ghost (9 damage)
             ... on level 5 of the Dungeon.
             The game lasted 00:06:12 (3327 turns).

Kairos the Cutter (Vine Stalker Fighter)            Turns: 3327, Time: 00:06:12

Health: -1/36      AC:  8    Str: 23    XL:     7   Next: 70%
Magic:  0/8        EV:  9    Int:  8    God:
Gold:   198        SH: 10    Dex: 16    Spells: 6/6 levels left

rFire    . . .     SeeInvis .   n - +2 short sword (holy)
rCold    + . .     Gourm    .   c - +0 shield
rNeg     . . .     Faith    .   b - +0 scale mail
rPois    .         Spirit   +   (no helmet)
rElec    .         Reflect  .   (no cloak)
rCorr    .         Harm     .   u - +0 pair of gloves
MR       .....     Rnd*Tele +   (no boots)
Stlth    ..........             v - amulet of regeneration
HPRegen  0.92/turn              k - ring of protection from cold
MPRegen  0.11/turn              B - ring of teleportation (curse)

@: mighty
A: fangs 2, regeneration 1, magic shield, antimagic bite, no potion heal 3, rot
immunity
a: no special abilities


You were on level 5 of the Dungeon.
You were very hungry.

You visited 1 branch of the dungeon, and saw 5 of its levels.

You collected 198 gold pieces.

Inventory:

Hand Weapons
 a - a +0 rapier
 e - a +0 dagger of draining
 n - a +2 short sword of holy wrath (weapon)
 A - a +0 dagger of speed
Armour
 b - a +0 scale mail (worn)
 c - a +0 shield (worn)
 u - a +0 pair of gloves (worn)
 D - a +0 helmet
Jewellery
 k - a ring of protection from cold (left hand)
 p - an uncursed amulet of rage
 t - an uncursed ring of wizardry
 v - an amulet of regeneration (around neck)
 B - a cursed ring of teleportation (right hand)
Wands
 s - a wand of clouds (7)
Scrolls
 g - 4 scrolls of teleportation {unknown}
 h - a scroll of fog {unknown}
 i - a scroll of enchant armour {unknown}
 q - a scroll of noise {unknown}
 r - a scroll of remove curse {unknown}
 x - a scroll of identify {unknown}
 y - 2 scrolls of blinking {unknown}
 z - a scroll of amnesia {unknown}
 C - 2 scrolls of immolation {unknown}
Potions
 j - 2 potions of agility {unknown}
 l - a potion of degeneration {unknown}
 m - a potion of heal wounds {unknown}
 o - a potion of resistance {unknown}
 w - 2 potions of curing
 E - a potion of invisibility {unknown}
Comestibles
 f - 8 rations


   Skills:
 + Level 3.4 Fighting
 + Level 4.5 Short Blades
 + Level 4.1 Armour
 + Level 1.8 Dodging
 + Level 0.1 Stealth
 + Level 4.5 Shields


You had 6 spell levels left.
You didn't know any spells.
Your spell library contained the following spells:

 Spells                   Type           Power        Failure   Level  Hunger
 Beastly Appendage        Tmut           #.....       99%         1    ##.....
 Sticks to Snakes         Tmut           #.......     99%         2    ###....
 Spider Form              Tmut/Pois      #.........   100%        3    ####...
 Ice Form                 Ice/Tmut       #.......     100%        4    #####..
 Blade Hands              Tmut           #.........   100%        5    ######.


Dungeon Overview and Level Annotations

Branches:
Dungeon (5/15)
 Temple: D:4-7

Altars:
Ashenzari
Cheibriados
Hepliaklqana
Makhleb
Qazlal
Zin

Shops:
D:4 %

Annotations:
D:5 HiStorm4nn's ghost, amateur FeTm


Innate Abilities, Weirdness & Mutations

You have extremely sharp teeth.
Your natural rate of healing is unusually fast.
When hurt, damage is shared between your health and your magic reserves.
Your bite disrupts and absorbs the magic of your enemies.
Potions cannot restore your health.
You are immune to rotting.


Message History

Partly explored, can't reach some items.
HiStorm4nn's ghost turns its malevolent gaze towards you.
There is an open door here.
Wield which item (- for none, * to show all)? (? for menu, Esc to quit)
Your +2 short sword of holy wrath softly glows with a divine radiance!
n - a +2 short sword of holy wrath (weapon)
As you open the door, it creaks loudly!
You completely miss HiStorm4nn's ghost. HiStorm4nn's ghost hits you!
You closely miss HiStorm4nn's ghost. Your bite misses HiStorm4nn's ghost.
HiStorm4nn's ghost hits you.
You miss HiStorm4nn's ghost. Your bite misses HiStorm4nn's ghost.
HiStorm4nn's ghost hits you!
You hit HiStorm4nn's ghost.
HiStorm4nn's ghost convulses.
You bite HiStorm4nn's ghost. You drain its power.
You feel invigorated.
HiStorm4nn's ghost is heavily damaged.
HiStorm4nn's ghost hits you!
* * * LOW HITPOINT WARNING * * *
You feel very mighty all of a sudden. HiStorm4nn's ghost hits you!
You die...

..#......#....'.......#......#..#
..'......#....#.......#......#..#
..#..#####....###.##.##......##'#
..#..##>.###....######...........
..#..##....#....# #...........
..####.....'....# ####...........
..# #.#####....# #..............
..# #......#######.##########'##
..# #......##..@...# #........
..# #......#..#W#..## #...=....
..# #........##.##..## #####..##
>.# #.......##...##..###..##..##
..# #####..##.....##.'..........
..# #..#⌠.!♣%.⌠#.#.......... ..#
#..##.....##.#...>...... ..#
##..##...##....######### ..#
##..##⌠##..###.......##


You could see HiStorm4nn's ghost.

Vanquished Creatures
  A necrophage (D:3)
  A water moccasin zombie (D:5)
  4 killer bees (D:3)
  A howler monkey (D:4)
  A crimson imp (D:2)
  An orc priest (D:3)
  2 orc wizards (D:4)
  A hound skeleton (D:2)
  Robin (D:4)
  6 adders
  An ooze (D:1)
  An adder skeleton (D:4)
  4 worms
  5 dart slugs
  7 leopard geckos
  9 orcs
  10 bats
  4 giant cockroaches (D:3)
  11 goblins
  14 hobgoblins
  18 jackals
  7 kobolds
  4 frilled lizards
  A quokka skeleton (D:4)
  5 rats
120 creatures vanquished.

Notes
Turn   | Place    | Note
-------+----------+-------------------------------------------
     0 | D:1      | Kairos the Vine Stalker Fighter began the quest for the
                  | Orb.
     0 | D:1      | Reached XP level 1. HP: 11/11 MP: 2/2
     2 | D:1      | Noticed an ogre
     2 | D:1      | Noticed an octopode
     4 | D:1      | Noticed a troll
     4 | D:1      | Noticed a draconian
     6 | D:1      | Noticed a spriggan
     6 | D:1      | Noticed a minotaur
     8 | D:1      | Noticed a vine stalker
    10 | D:1      | Noticed a gargoyle
    10 | D:1      | Noticed a human
    12 | D:1      | Noticed a merfolk
    12 | D:1      | Noticed a tengu
    14 | D:1      | Noticed a demigod
    16 | D:1      | Noticed a ghoul
    18 | D:1      | Noticed an elf
    18 | D:1      | Noticed a felid
    20 | D:1      | Noticed a dwarf
    20 | D:1      | Noticed a vampire
    22 | D:1      | Noticed a naga
    22 | D:1      | Noticed a halfling
    24 | D:1      | Noticed a formicid
    24 | D:1      | Noticed a centaur
    26 | D:1      | Noticed a demonspawn
    82 | D:1      | Reached XP level 2. HP: 15/16 MP: 3/3
   321 | D:1      | Reached XP level 3. HP: 10/19 MP: 1/4
   974 | D:2      | Found a stormy altar of Qazlal.
   998 | D:2      | Found a burning altar of Makhleb.
  1059 | D:2      | Gained mutation: Your natural rate of healing is unusually
                  | fast. [Vine Stalker growth]
  1059 | D:2      | Reached XP level 4. HP: 14/24 MP: 3/5
  1260 | D:2      | Reached XP level 5. HP: 28/28 MP: 6/6
  1355 | D:2      | Found a glowing silver altar of Zin.
  1443 | D:3      | Noticed a necrophage
  1461 | D:3      | Killed a necrophage
  1461 | D:3      | Reached skill level 1 in Dodging
  1489 | D:3      | Reached XP level 6. HP: 15/32 MP: 7/7
  1731 | D:3      | HP: 1/32 [killer bee (2)]
  1734 | D:3      | Reached XP level 7. HP: 2/36 MP: 2/8
  1982 | D:4      | Found Uweplu's Food Shoppe.
  2154 | D:4      | Found a snail-covered altar of Cheibriados.
  2219 | D:4      | Noticed Robin
  2303 | D:4      | Found a hazy altar of Hepliaklqana.
  2437 | D:4      | Killed Robin
  2677 | D:5      | Entered Level 5 of the Dungeon
  2891 | D:5      | Found a runed translucent door.
  2892 | D:5      | Noticed HiStorm4nn's ghost (amateur FeTm)
  3060 | D:5      | Found a shattered altar of Ashenzari.
  3327 | D:5      | Slain by HiStorm4nn's ghost

Skill      XL: |  1  2  3  4  5  6  7 |
---------------+----------------------+-----
Short Blades   | 2 3 4 |  4.5
Shields        | 3 4 |  4.5
Fighting       | 3 |  3.4
Armour         | 3 4 |  4.1
Dodging        | 1 |  1.8
Stealth        | |  0.1

Action                   |  1- 3 |  4- 6 |  7- 9 || total
-------------------------+-------+-------+-------++-------
Melee: Rapier            |    30 |       |       ||    30
       Bite              |    36 |    69 |    51 ||   156
       Dagger            |   123 |   187 |   136 ||   446
       Short sword       |       |       |     5 ||     5
  Use: Potion            |       |     3 |     1 ||     4
  Eat: Chunk             |       |     3 |     4 ||     7
Armor: Scale mail        |    55 |    83 |    39 ||   177
Dodge: Dodged            |    32 |    73 |    30 ||   135
Block: Shield            |    49 |    81 |    49 ||   179
